 Dungeon Crawl Stone Soup version 0.28.0 (webtiles) character file.

Game seed: 12874847680112035547

445 MacCMillion the Caller (level 6, -9/24 HPs)
             Began as a Felid Summoner on Feb 12, 2022.
             Killed by divine providence
             ... invoked by an orc priest
              (12 damage)
             ... on level 6 of the Dungeon.
             The game lasted 00:29:50 (5920 turns).

MacCMillion the Caller (Felid Summoner)             Turns: 5920, Time: 00:29:50

Health: -9/24      AC:  2    Str:  4    XL:     6   Next: 72%
Magic:  2/11       EV: 17    Int: 19    God:
Gold:   205        SH:  0    Dex: 16    Spells: 0/11 levels left
                                        Lives:  0   Deaths: 1

rFire   + . .      SeeInvis +   (weapon unavailable)
rCold   . . .      Faith    .   (shield unavailable)
rNeg    . . .      Spirit   .   (armour unavailable)
rPois   .          Reflect  .   (helmet unavailable)
rElec   .          Harm     .   (cloak unavailable)
rCorr   .          Rampage  .   (gloves unavailable)
Will    .....      Clarity  +   (boots unavailable)
Stlth   ++........              (no amulet)
HPRegen 0.08/turn               h - ring of protection from fire
MPRegen 0.12/turn               (no ring)

@: quick
A: very small, claws 1, fangs 3, see invisible, speed 1, shaggy fur 2, stealthy
paws, no weapons or thrown items, no armour, multi-lived, clarity, noise
suppression
a: no special abilities


You were on level 6 of the Dungeon.
You visited 1 branch of the dungeon, and saw 6 of its levels.
You also visited: Ossuary.

You collected 205 gold pieces.

Inventory:

Jewellery
 h - a ring of protection from fire (left paw)
Wands
 k - a wand of digging (7)
 q - a wand of iceblast (1)
Scrolls
 c - a scroll of acquirement {unknown}
 e - 4 scrolls of magic mapping {unknown}
 f - a scroll of blinking
 g - a scroll of noise {unknown}
 l - a scroll of torment {unknown}
 m - 2 scrolls of teleportation {unknown}
 o - a scroll of amnesia {unknown}
 p - a scroll of immolation {unknown}
 r - a scroll of silence {unknown}
Potions
 a - a potion of ambrosia
 b - 2 potions of attraction
 d - 2 potions of degeneration
 i - 2 potions of haste
 j - 4 potions of curing
 n - a potion of brilliance


   Skills:
 - Level 3.0 Dodging
 - Level 3.0 Stealth
 - Level 3.0 Spellcasting
 - Level 5.0 Hexes
 + Level 7.5 Summonings
 + Level 1.3 Air Magic


You couldn't memorise any spells.
You knew the following spells:

 Your Spells              Type           Power      Damage    Failure   Level
a - Summon Small Mammal   Summ           100%       N/A       1%          1
b - Call Canine Familiar  Summ           31%        N/A       1%          3
c - Summon Guardian Gole  Hex/Summ       26%        N/A       3%          3
d - Summon Lightning Spi  Summ/Air       19%        N/A       24%         4

Your spell library contained the following spells:

 Spells                   Type           Power      Damage    Failure   Level
 Call Imp                 Summ           31%        N/A       1%          2
 Magic Dart               Conj           8%         1d3       16%         1
 Searing Ray              Conj           4%         2d4       22%         2
 Fulminant Prism          Conj/Hex       6%         3d7       47%         4


Dungeon Overview and Level Annotations

Branches:
Dungeon (6/15)            Ossuary (visited)
 Temple: D:4-7

Altars:
Fedhas
Uskayaw
Xom

Annotations:
D:2 1 runed translucent door, Crazy Yiuf
D:5 Menkaure


Innate Abilities, Weirdness & Mutations

You have sharp claws.
You have razor-sharp teeth.
You have supernaturally acute eyesight. (SInv)
You cover ground quickly. (Speed+)
You are covered in thick fur. (AC +2)
Your paws help you pounce on unaware monsters.
You are incapable of wielding weapons or throwing items.
You cannot wear armour.
You gain extra lives every three experience levels.
You possess an exceptional clarity of mind.
You passively dampen the noise of your surroundings.


Message History

Your hound bites the orc wizard.
Your hound closely misses the orc wizard.
The orc wizard gestures at your hound while chanting.
The puff of flame hits your hound!
Your hound bites the orc wizard.
The orc wizard dies!
You swap places.
The orc priest closely misses you. The orc priest barely misses you.
You scratch the orc priest.
The orc priest is moderately wounded.
Your hound bites the orc priest. x2
The orc priest hits your hound with a +0 short sword of protection!
Your hound dies!
Your hound's corpse disappears in a puff of smoke!
You closely miss the orc priest.
You bite the orc priest, but do no damage.
The orc priest is heavily wounded.
The orc priest misses you.
You scratch the orc priest. Your bite misses the orc priest.
The orc priest is severely wounded.
The orc priest invokes the aid of Beogh against you.
Beogh smites you!
Casting: Call Canine Familiar (safe; 1% risk of failure)
Confirm with . or Enter, or press ? or * to list all spells.
You scratch the orc priest but do no damage.
The orc priest is severely wounded.
Your quokka barely misses the orc priest.
The orc priest invokes the aid of Beogh against you.
Beogh smites you!
Ouch! That really hurt!
* * * LOW HITPOINT WARNING * * *
You scratch the orc priest but do no damage.
You bite the orc priest, but do no damage.
The orc priest is severely wounded.
Your quokka barely misses the orc priest.
The orc misses you.
The orc priest invokes the aid of Beogh against you.
Beogh smites you!
Ouch! That really hurt!
You die...

### #ยง# #.#
###############.#
#@or.....)......#
#o###############
#o# #.# ##### #.#
#...# #.# #...#
#.# #...# #)#
#...# #.# #...#


You could see an orc priest (ally target), 2 orcs and a friendly quokka
(summoned).

Vanquished Creatures
  A dart slug (D:3)
  A jackal (D:4)
  A bat (D:2)
3 creatures vanquished.

Vanquished Creatures (collateral kills)
  A howler monkey (D:4)
  4 centaur zombies (Ossuary)
  A hound (D:4)
  2 jellies (D:4)
  A human zombie (Ossuary)
  2 orc wizards
  A nameless horror (Ossuary)
  An ogre zombie (Ossuary)
  4 mummies
  4 adders
  3 gnolls
  6 adder zombies (Ossuary)
  2 orcs (D:4)
  6 endoplasms
  4 giant cockroaches
  3 goblins
  8 hobgoblins
  2 jackals (D:4)
  A quokka (D:1)
  4 ball pythons
  4 bats
  5 frilled lizards
  5 goblin zombies (Ossuary)
  4 hobgoblin zombies
  5 kobolds
  A kobold zombie (Ossuary)
  2 orc zombies
  7 quokka zombies (Ossuary)
  7 rats
  A rat zombie (Ossuary)
101 creatures vanquished.

Vanquished Creatures (others)
  A scorpion (D:5)
  4 mummies (Ossuary)
5 creatures vanquished.

Grand Total: 109 creatures vanquished

Notes
Turn   | Place    | Note
-------+----------+-------------------------------------------
     0 | D:1      | MacCMillion the Felid Summoner began the quest for the Orb.
     0 | D:1      | Reached XP level 1. HP: 7/7 MP: 4/4
   444 | D:1      | Reached XP level 2. HP: 11/11 MP: 4/6
   446 | D:1      | Found a faded altar of an unknown god.
  1119 | D:2      | Reached XP level 3. HP: 14/14 MP: 5/7
  1123 | D:2      | Learned a level 3 spell: Call Canine Familiar
  1544 | D:2      | Found a runed translucent door.
  1545 | D:2      | Noticed Crazy Yiuf
  2078 | D:2      | Learned a level 3 spell: Summon Guardian Golem
  2590 | D:3      | Reached XP level 4. HP: 18/18 MP: 4/9
  2661 | D:3      | Reached skill level 1 in Hexes
  3168 | D:4      | Reached skill level 5 in Summonings
  3169 | D:4      | Found a blossoming altar of Fedhas.
  3515 | D:4      | Reached XP level 5. HP: 21/21 MP: 5/10
  3672 | D:4      | Found a sand-covered staircase.
  3676 | Ossuary  | Entered an ossuary
  4203 | Ossuary  | Gained mutation: You are covered in thick fur. (AC +2)
                  | [Felid growth]
  4203 | Ossuary  | Reached XP level 6. HP: 24/24 MP: 11/11
  4383 | Ossuary  | Reached skill level 6 in Summonings
  4417 | Ossuary  | Reached skill level 5 in Hexes
  5122 | D:4      | HP: 1/24 [orc priest/nerve-wracking pain (10)]
  5124 | D:4      | Gained mutation: You passively dampen the noise of your
                  | surroundings. [potion of mutation]
  5124 | D:4      | Gained mutation: You possess an exceptional clarity of
                  | mind. [potion of mutation]
  5124 | D:4      | Slain by an orc priest
  5125 | D:4      | Reached XP level 5. HP: -3/21 MP: 8/10
  5155 | D:4      | Reached skill level 7 in Summonings
  5155 | D:4      | Reached XP level 6. HP: 24/24 MP: 7/11
  5384 | D:4      | Found a shimmering altar of Xom.
  5443 | D:4      | Learned a level 4 spell: Summon Lightning Spire
  5507 | D:5      | Entered Level 5 of the Dungeon
  5532 | D:5      | Reached skill level 1 in Air Magic
  5576 | D:5      | Noticed a sky beast
  5600 | D:5      | Noticed Menkaure
  5853 | D:6      | Noticed a +0 hand axe
  5854 | D:6      | Found a hide-covered altar of Uskayaw.
  5856 | D:6      | Noticed a +0 hand axe
  5920 | D:6      | Killed from afar by an orc priest

Illustrated notes

Levels and vault maps discovered:
D:1:      grunt_arrival_crossed_arrows, layout_rooms,
          hellmonk_ecumenical_altar_arch_garden
D:2:      layout_basic, uniq_crazy_yiuf_cottage
D:3:      layout_rooms
D:4:      layout_loops_corners, mainiacjoe_overflow_alcove_1,
          old_standard_altar, nicolae_ossuary_entry_giza
D:5:      layout_basic, tso_altar, lemuel_doored_altar, portal_sewer_entry_d,
          uniq_menkaure, uniq_pikel, uniq_edmund, uniq_sigmund
D:6:      layout_basic, mainiacjoe_overflow_six_doors_small,
          mainiacjoe_overflow_tiny_flanked, grunt_temple_overflow_opulence,
          dancing_weapons_uskayaw, mainiacjoe_overflow_brackets,
          minmay_temple_entry_wispy, grunt_tough_drop

Skill      XL: |  1  2  3  4  5  6 |
---------------+-------------------+-----
Stealth        | 3 |  3.0
Dodging        | 3 |  3.0
Spellcasting   | 3 |  3.0
Hexes          | 3 4 5 |  5.0
Summonings     | 5 7 6 |  7.5
Air Magic      | 1 |  1.3

Action                   |  1- 3 |  4- 6 || total
-------------------------+-------+-------++-------
Melee: Unarmed           |     7 |    19 ||    26
       Bite              |       |     5 ||     5
 Cast: Summon Small Mamm |    78 |    22 ||   100
       Call Canine Famil |     3 |    47 ||    50
       Summon Guardian G |       |     9 ||     9
  Use: Scroll            |       |     8 ||     8
       Potion            |       |     1 ||     1
Armor: Skin              |     3 |     3 ||     6
Dodge: Dodged            |    21 |    30 ||    51
